 Dungeon Crawl Stone Soup version 0.29.1-2-gbd0b4ee654 (webtiles) character file.

Game seed: 746982676859161408

422 Ivernyr the Chiller (level 6, -3/47 HPs)
             Began as a Barachi Ice Elementalist on Nov 3, 2022.
             Slain by an ice beast (4 damage)
             ... on level 3 of the Dungeon.
             The game lasted 00:13:41 (5206 turns).

Ivernyr the Chiller (Barachi Ice Elementalist)      Turns: 5206, Time: 00:13:43

Health: -3/47      AC:  4    Str: 10    XL:     6   Next: 95%
Magic:  11/11      EV: 13    Int: 17    God:
Gold:   184        SH:  0    Dex: 12    Spells: 5/12 levels left

rFire   + . .      SeeInvis .   a - +0 whip
rCold   + + .      Faith    .   (no shield)
rNeg    . . .      Spirit   .   l - +1 robe "Kebir" {rC++}
rPois   .          Reflect  .   (no helmet)
rElec   .          Harm     .   (no cloak)
rCorr   .          Rampage  .   f - +0 pair of gloves
Will    .....                   (no boots)
Stlth   ++........              m - amulet of magic regeneration
HPRegen 0.15/turn               n - ring of protection from fire
MPRegen 0.52/turn               (no ring)

@: unable to hop, slow
A: amphibious, slowness 1, strong legs 1, +LOS
a: Hop


You were on level 3 of the Dungeon.
You visited 1 branch of the dungeon, and saw 5 of its levels.

You collected 292 gold pieces.
You spent 108 gold pieces at shops.

Inventory:

Hand Weapons
 a - a +0 whip (weapon)
Armour
 f - a +0 pair of gloves (worn)
 l - the +1 robe "Kebir" (worn) {rC++}
   (You bought it in a shop on level 1 of the Dungeon)

   rC:        It greatly protects you from cold.
Jewellery
 m - an amulet of magic regeneration (around neck)
 n - a ring of protection from fire (left hand)
Scrolls
 c - a scroll of poison {unknown}
 e - 7 scrolls of identify {unknown}
 g - 3 scrolls of immolation {unknown}
 h - 2 scrolls of teleportation {unknown}
 i - 5 scrolls of enchant armour {unknown}
 k - a scroll of enchant weapon {unknown}
 o - 2 scrolls of fear {unknown}
 p - a scroll of fog {unknown}
Potions
 b - a potion of magic
 d - 2 potions of mutation {unknown}
 j - a potion of curing {unknown}


   Skills:
 + Level 3.3 Fighting
 + Level 4.0 Dodging
 - Level 1.7 Stealth
 + Level 3.7 Spellcasting
 * Level 7.2 Ice Magic


You had 5 spell levels left.
You knew the following spells:

 Your Spells              Type           Power      Damage    Failure   Level
a - Freeze                Ice            100%       1d11      1%          1
b - Frozen Ramparts       Ice            54%        1d9       2%          3
c - Ozocubu's Armour      Ice            27%        N/A       2%          3

Your spell library contained the following spells:

 Spells                   Type           Power      Damage    Failure   Level
 Shock                    Conj/Air       12%        1d3       16%         1
 Sublimation of Blood     Necr           3%         N/A       24%         2
 Wereblood                Tmut           3%         N/A       24%         2
 Hailstorm                Conj/Ice       15%        3d5       36%         4
 Summon Guardian Golem    Hex/Summ       3%         N/A       43%         3
 Swiftness                Air            3%         N/A       43%         3
 Airstrike                Air            1%         2d(1-17)  85%         4
 Orb of Destruction       Conj           1%         9d5       100%        7
 Spellforged Servitor     Conj/Summ      1%         N/A       100%        7
 Summon Hydra             Summ           1%         N/A       100%        7


Dungeon Overview and Level Annotations

Branches:
Dungeon (5/15)
 Temple: D:4-7

Altars:

Shops:
D:1 !*   D:3 (

Annotations:
D:4 2 transporters


Innate Abilities, Weirdness & Mutations

You are amphibious.
You cover ground slowly.
You can hop short distances.
You have an extended range of vision and can be seen from far away.


Message History

The ice beast is severely wounded.
The ice beast misses you.
You closely miss the ice beast.
The ice beast is severely wounded.
The ice beast barely misses you.
You barely miss the ice beast.
The ice beast is severely wounded.
The ice beast barely misses you.
You hit the ice beast but do no damage.
The ice beast is severely wounded.
The ice beast hits you. The ice beast freezes you. You resist.
* * * LOW HITPOINT WARNING * * *
The ice beast hits you.
* * * LOW HITPOINT WARNING * * *
The ice beast freezes you. You resist.
* * * LOW HITPOINT WARNING * * *
Hop to where?
Press: ? - help, Dir - move target Your icy armour will break if you move.
Continue?
Your icy armour cracks and falls away as you move.
Boing!
There is a stone staircase leading down here.
The ice beast attacks as you move away! The ice beast barely misses you.
The ice beast attacks as you move away! The ice beast hits you.
* * * LOW HITPOINT WARNING * * *
The ice beast freezes you. You resist.
* * * LOW HITPOINT WARNING * * *
The ice beast barely misses you. The ice beast attacks as you move away!
The ice beast completely misses you. The ice beast closely misses you. x2
The ice beast hits you but does no damage.
The ice beast attacks as you move away! The ice beast barely misses you.
The ice beast attacks as you move away! The ice beast hits you.
* * * LOW HITPOINT WARNING * * *
The ice beast freezes you. You resist.
* * * LOW HITPOINT WARNING * * *
The ice beast hits you.
* * * LOW HITPOINT WARNING * * *
The ice beast freezes you. You resist.
You die...

##.#.#.#.#....## #.....##..##.#
.........#.##..###.....#..###.#
.#.#######.###..##.......####.###
.#.....# #.......................
.#####.# #######.......#####.....
.......# #.......# #.....
.####### #....#..# #..... .#
#########....# ##.#.# .#
#....Y@..>##.# #.#.# .#
#......#####.# ###.#.# .#
#............# #.....# .#
#......#....## #.#.###
##############.#.#.##.# #.#.#
...............#.#.##.# #.#.#
#.##############.#.##.#####.#<#
#.# #.....#.##.......### #.#
#.#####.##########


You could see an ice beast.

Vanquished Creatures
  Eustachio (D:4)
  A scorpion (D:4)
  A jelly (D:3)
  An iguana (D:4)
  Natasha (twice) (D:4)
  2 adders
  2 worms (D:2)
  2 dart slugs (D:2)
  6 orcs
  10 endoplasms
  3 giant cockroaches
  2 goblins
  6 hobgoblins
  11 kobolds
  3 quokkas
  8 ball pythons
  5 bats
  6 frilled lizards
  5 rats
77 creatures vanquished.

Vanquished Creatures (others)
  9 plants
9 creatures vanquished.

Grand Total: 86 creatures vanquished

Notes
Turn   | Place    | Note
-------+----------+-------------------------------------------
     0 | D:1      | Ivernyr the Barachi Ice Elementalist began the quest for
                  | the Orb.
     0 | D:1      | Reached XP level 1. HP: 13/13 MP: 3/3
   157 | D:1      | Reached skill level 5 in Ice Magic
   177 | D:1      | Reached XP level 2. HP: 14/20 MP: 0/5
   524 | D:1      | Found Sutayh's Assorted Antiques.
   549 | D:1      | Found Keagiv's Distillery.
   560 | D:1      | Reached skill level 1 in Fighting
  1440 | D:2      | Reached XP level 3. HP: 17/26 MP: 0/6
  1551 | D:2      | Learned a level 3 spell: Frozen Ramparts
  1555 | D:2      | Learned a level 3 spell: Ozocubu's Armour
  2010 | D:1      | Bought an ancient robe for 108 gold pieces
  2010 | D:1      | Identified the +1 robe "Kebir" {rC++} (You bought it in a
                  | shop on level 1 of the Dungeon)
  2273 | D:2      | Reached XP level 4. HP: 25/32 MP: 5/8
  2819 | D:3      | You fall into a shaft and drop 2 floors!
  2819 | D:5      | Entered Level 5 of the Dungeon
  3091 | D:3      | Found Reuv's Antique Weapon Shoppe.
  3538 | D:4      | Found a transporter.
  3939 | D:4      | Found a transporter.
  3956 | D:4      | Noticed an ice beast
  4106 | D:4      | Reached skill level 6 in Ice Magic
  4106 | D:4      | Reached XP level 5. HP: 26/38 MP: 5/9
  4376 | D:4      | Noticed Natasha
  4382 | D:4      | Killed Natasha
  4469 | D:4      | Noticed Eustachio
  4486 | D:3      | Reached XP level 6. HP: 6/46 MP: 4/11
  4762 | D:4      | Killed Eustachio
  4763 | D:4      | Reached skill level 7 in Ice Magic
  5053 | D:4      | Noticed Natasha
  5059 | D:4      | Killed Natasha
  5206 | D:3      | HP: 2/47 [ice beast (4)]
  5206 | D:3      | Slain by an ice beast

Illustrated notes

Levels and vault maps discovered:
D:1:      minmay_arrival_hallway, layout_basic, serial_shops,
          nicolae_shop_competitors_out_of_business,
          nicolae_shop_overgrown_old_shop
D:2:      layout_basic, kennysheep_flooded_box, kennysheep_generic_room_14
D:3:      layout_basic, serial_shops, nicolae_shop_waterfront,
          serial_bayou_pond_a, nicolae_hexahallways
D:4:      gammafunk_steamed_eel, layout_gridville, uniq_eustachio, uniq_natasha
D:5:      layout_basic, mainiacjoe_overflow_tiny_flanked,
          minmay_temple_entry_butterflies, cheibrodos_sewer_entry_sluice,
          serial_shops, shop, nicolae_lakefront_shop

Skill      XL: |  1  2  3  4  5  6 |
---------------+-------------------+-----
Ice Magic      | 5 6 7 |  7.2
Fighting       | 1 2 3 |  3.3
Dodging        | 3 4 |  4.0
Spellcasting   | 3 |  3.7
Stealth        | |  1.7

Action                   |  1- 3 |  4- 6 || total
-------------------------+-------+-------++-------
Melee: Unarmed           |    15 |       ||    15
       Whip              |       |    51 ||    51
       Punch             |       |     2 ||     2
 Cast: Freeze            |    58 |    74 ||   132
       Frozen Ramparts   |       |     3 ||     3
       Ozocubu's Armour  |       |     2 ||     2
 Abil: Hop               |     1 |     2 ||     3
 Stab: Sleeping          |       |     1 ||     1
Armor: Robe              |    10 |    32 ||    42
Dodge: Dodged            |    38 |    92 ||   130
